[Event "FIDE Online Olympiad Final 2020"]
[Site "Online"]
[Date "2020.08.30"]
[Round "1"]
[White "Kosteniuk, Alexandra"]
[Black "Harika, Dronavalli"]
[Result "1/2-1/2"]
[ECO "C07"]
[WhiteElo "2505"]
[BlackElo "2476"]
[Annotator "ChessBase"]
[PlyCount "96"]
[EventDate "2020.08.30"]
[EventType "k.o."]
[SourceTitle "playchess.com"]
[Source "ChessBase"]
[SourceQuality "1"]
[TimeControl "900+5"]

1. e4 e6 2. d4 d5 3. Nd2 c5 4. exd5 Qxd5 5. dxc5 Nf6 6. Ngf3 Qxc5 7. Bd3 Nbd7 8. O-O Be7 9. Re1 O-O 10. Ne4 Qc7 11. Nxf6+ Bxf6 12. Ng5 Bxg5 13. Bxg5 Nc5 14. Bf1 e5 15. Qd5 Ne6 16. Bh4 Qxc2 17. Qxe5 Bd7 18. Rac1 Qg6 19. Rc3 Rfe8 20. Qd6 Nf8 21. Rxe8 Rxe8 22. Qxg6 Nxg6 23. Bg5 Re1 24. Rc1 Rxc1 25. Bxc1 a6 26. f3 Kf8 27. Kf2 Ke7 28. b3 Bb5 29. Bxb5 axb5 30. Ke3 Ke6 31. Bb2 Ne7 32. Kd4 b6 33. a4 Nc6+ 34. Kd3 bxa4 35. bxa4 g6 36. Kc4 Kd6 37. Kb5 Kc7 38. Bf6 Na7+ 39. Ka6 Nc8 40. Kb5 Nd6+ 41. Kb4 Kc6 42. g4 h5 43. h3 Nb7 44. Kc4 Nc5 45. Kb4 Nd3+ 46. Kc4 Nc5 47. Kb4 Nd3+ 48. Kc4 Nc5 1/2-1/2

[Event "FIDE Online Olympiad Final 2020"]
[Site "Online"]
[Date "2020.08.30"]
[Round "1"]
[White "Koneru, Humpy"]
[Black "Lagno, Kateryna"]
[Result "1/2-1/2"]
[ECO "D87"]
[WhiteElo "2442"]
[BlackElo "2358"]
[Annotator "ChessBase"]
[PlyCount "96"]
[EventDate "2020.08.30"]
[EventType "k.o."]
[SourceTitle "playchess.com"]
[Source "ChessBase"]
[SourceQuality "1"]
[TimeControl "900+5"]

1. d4 Nf6 2. c4 g6 3. Nc3 d5 4. cxd5 Nxd5 5. e4 Nxc3 6. bxc3 Bg7 7. Bc4 c5 8. Ne2 Nc6 9. Be3 O-O 10. O-O b6 11. dxc5 Qc7 12. Nd4 Ne5 13. Nb5 Qb8 14. Bd5 Ng4 15. g3 a6 16. Bxa8 Nxe3 17. fxe3 axb5 18. Bd5 Qc7 19. cxb6 Qxb6 20. Qe2 e6 21. Bb3 Bb7 22. Bc2 b4 23. Rab1 Bxc3 24. a3 Rd8 25. axb4 Rd2 26. Qf3 f5 27. Rf2 Rxc2 28. Rxc2 Bxe4 29. Qxe4 fxe4 30. Rxc3 Qb5 31. Rb2 h5 32. Kg2 h4 33. gxh4 Qf5 34. h3 Qf6 35. Rc8+ Kh7 36. Rf2 Qe5 37. b5 g5 38. h5 g4 39. hxg4 Qg7 40. Kh3 Qa7 41. Rc3 Qa1 42. Rc7+ Kh6 43. Kg2 Qd1 44. Rcf7 Qxg4+ 45. Kf1 Qd1+ 46. Kg2 Qg4+ 47. Kf1 Qd1+ 48. Kg2 Qg4+ 1/2-1/2

[Event "FIDE Online Olympiad Final 2020"]
[Site "Online"]
[Date "2020.08.30"]
[Round "2"]
[White "Esipenko, Andrey"]
[Black "Nihal, Sarin"]
[Result "1-0"]
[ECO "A33"]
[WhiteElo "2789"]
[BlackElo "2628"]
[Annotator "ChessBase"]
[PlyCount "49"]
[EventDate "2020.08.30"]
[EventType "k.o."]
[SourceTitle "playchess.com"]
[Source "ChessBase"]
[SourceQuality "1"]
[TimeControl "900+5"]

1. c4 c5 2. Nf3 Nc6 3. Nc3 Nf6 4. d4 cxd4 5. Nxd4 e6 6. g3 Qb6 7. Ndb5 Ne5 8. Bg2 a6 9. Na4 Qa5+ 10. Nbc3 Nxc4 11. O-O d5 12. b3 Nd6 13. Qe1 Qd8 14. e4 Ndxe4 15. Nxe4 dxe4 16. Bg5 Be7 17. Rd1 Nd5 18. Bxe7 Qxe7 19. Qxe4 Bd7 20. Rfe1 Bc6 21. Qg4 f5 22. Qe2 Rd8 23. Qxe6 Qxe6 24. Rxe6+ Kf7 25. Re5 1-0

[Event "FIDE Online Olympiad Final 2020"]
[Site "Online"]
[Date "2020.08.30"]
[Round "2"]
[White "Harika, Dronavalli"]
[Black "Kosteniuk, Alexandra"]
[Result "1/2-1/2"]
[ECO "D02"]
[WhiteElo "2476"]
[BlackElo "2505"]
[Annotator "ChessBase"]
[PlyCount "71"]
[EventDate "2020.08.30"]
[EventType "k.o."]
[SourceTitle "playchess.com"]
[Source "ChessBase"]
[SourceQuality "1"]
[TimeControl "900+5"]

1. Nf3 Nf6 2. g3 c5 3. Bg2 Nc6 4. O-O d5 5. d4 cxd4 6. Nxd4 e5 7. Nxc6 bxc6 8. c4 Be6 9. Qa4 Qd7 10. Nc3 Rc8 11. Bg5 d4 12. Rfd1 Bd6 13. Bxf6 gxf6 14. e3 c5 15. Qxd7+ Kxd7 16. Nd5 Bxd5 17. Bxd5 Rb8 18. b3 Ke7 19. Kg2 Rb6 20. Rd2 a5 21. Re1 Kf8 22. Rd3 Kg7 23. f4 a4 24. fxe5 fxe5 25. exd4 cxd4 26. c5 Bxc5 27. Rxe5 f6 28. Re2 Rd8 29. Bc4 a3 30. Kf3 Kg6 31. Re4 Rbd6 32. Rg4+ Kh6 33. Rh4+ Kg6 34. Rg4+ Kh6 35. Re4 Kg6 36. Rg4+ 1/2-1/2

[Event "FIDE Online Olympiad Final 2020"]
[Site "Online"]
[Date "2020.08.30"]
[Round "2"]
[White "Divya, Deshmukh"]
[Black "Shuvalova, Polina"]
[Result "0-1"]
[ECO "C00"]
[WhiteElo "2142"]
[BlackElo "2306"]
[Annotator "ChessBase"]
[PlyCount "50"]
[EventDate "2020.08.30"]
[EventType "k.o."]
[SourceTitle "playchess.com"]
[Source "ChessBase"]
[SourceQuality "1"]
[TimeControl "900+5"]

1. Nf3 Nf6 2. g3 d5 3. Bg2 e6 4. O-O b5 5. d3 Be7 6. Nbd2 Bb7 7. c3 O-O 8. Qc2 c5 9. Re1 Nc6 10. e4 Qc7 11. Nf1 Rfd8 12. e5 Nd7 13. Bf4 a5 14. h4 a4 15. a3 h6 16. Ne3 Nb6 17. Ng4 Bf8 18. Qd2 Kh7 19. d4 Nd7 20. Bf1 c4 21. Be2 Ne7 22. Bd1 Nf5 23. Bc2 Ra6 24. Kg2 Qc8 25. Rh1 Kg8 0-1